 Dungeon Crawl Stone Soup version 0.20.1-1-g8b1a95d66d (webtiles) character file.

100 Jynx the Caller (level 4, -4/30 HPs)
             Began as a Mummy Summoner on Dec 18, 2017.
             Slain by a water moccasin skeleton (6 damage)
             ... on level 3 of the Dungeon.
             The game lasted 00:09:10 (3867 turns).

Jynx the Caller (Mummy Summoner)                    Turns: 3867, Time: 00:09:11

Health: -4/30      AC:  2    Str: 11    XL:     4   Next: 46%
Magic:  3/10       EV: 12    Int: 15    God:
Gold:   195        SH:  0    Dex: 17    Spells: 8/11 levels left

rFire    x . .     SeeInvis .   f - +0 dagger
rCold    + . .     Gourm    .   (no shield)
rNeg     + + +     Faith    .   a - +0 robe
rPois    ∞         Spirit   .   (no helmet)
rElec    .         Reflect  .   (no cloak)
rCorr    .         Harm     .   (no gloves)
MR       .....                  (no boots)
Stlth    +++.......             (no amulet)
Regen    0.1/turn               d - +5 ring of dexterity
MPRegen  0.2/turn               j - ring of stealth

@: no status effects
A: no food or potions, fire vulnerability, cold resistance 1, negative energy
resistance 3, torment resistance, unbreathing
a: no special abilities


You were on level 3 of the Dungeon.
You were not hungry.

You visited 1 branch of the dungeon, and saw 3 of its levels.

You collected 195 gold pieces.

Inventory:

Hand Weapons
 f - a +0 dagger (weapon)
Armour
 a - a +0 robe (worn)
Jewellery
 d - a +5 ring of dexterity (left hand)
 e - an uncursed ring of wizardry {unknown}
 j - a ring of stealth (right hand)
Scrolls
 c - a scroll of teleportation
 g - a scroll of blinking
 h - a scroll of noise {unknown}
 i - a scroll of magic mapping {unknown}
 k - a scroll of remove curse {unknown}
Books
 b - a book of Callings

   Spells                             Type                      Level
   a - Summon Small Mammal            Summoning                    1
   b - Call Imp                       Summoning                    2
   c - Call Canine Familiar           Summoning                    3
   d - Summon Guardian Golem          Hexes/Summoning              3
   e - Summon Lightning Spire         Summoning/Air                4
   f - Summon Ice Beast               Ice/Summoning                4


   Skills:
 - Level 1.5 Dodging
 - Level 1.5 Stealth
 + Level 4.0 Spellcasting
 * Level 4.4 Summonings


You had 8 spell levels left.
You knew the following spells:

 Your Spells              Type           Power        Failure   Level  Hunger
a - Summon Small Mammal   Summ           ###.         3%          1    N/A
b - Call Imp              Summ           ###.....     4%          2    N/A

Dungeon Overview and Level Annotations

Branches:
Dungeon (3/15)

Altars:

Annotations:
D:3 1 runed door


Innate Abilities, Weirdness & Mutations

You do not eat or drink.
Your flesh is vulnerable to fire.
You are immune to poison.
Your flesh is cold resistant. (rC+)
You are immune to negative energy. (rN+++)
You are immune to unholy pain and torment.
You can survive without breathing.


Message History

Your bat closely misses the water moccasin skeleton. x2
Your bat barely misses the bat.
The water moccasin skeleton bites you.
* * * LOW HITPOINT WARNING * * *
Your bat misses the bat. The water moccasin skeleton bites you.
* * * LOW HITPOINT WARNING * * *
You swap places.
Your bat barely misses the bat.
The water moccasin skeleton barely misses you.
Your rat barely misses the water moccasin skeleton.
Your rat bites the water moccasin skeleton.
Casting: Summon Small Mammal
Confirm with . or Enter, or press ? or * to list all spells.
The bat hits your rat but does no damage.
The bat hits your rat.
The water moccasin skeleton bites you but does no damage.
The bat hits your rat.
Your rat dies!
Your rat's corpse disappears in a puff of smoke!
Your magical contamination has completely faded away.
The water moccasin skeleton bites you.
You die...

#.########.####..###....
#########.# #..# #.###
...>...>..# #..# #.# #
##.###.######..###.# #
#.# #......(†...#.# #
#.# ########..#.#.##
#.##########.......#
#?##.r.....####.#..# #
#.##@#####.###.#...#
#..###.##Z# #.##.###.##
#...(...bb# #.#.####..#
#..###.######
#......#..#
#....b§.....#
###.##.##.#
#...........(# ##.#.#.##
#....##.###[.# ##...##
#.... #.# .# ##.## #...
... # #.#


You could see a bat, a water moccasin skeleton, a friendly bat and a friendly
rat.

Vanquished Creatures
  3 adders
  An ooze (D:3)
  A leopard gecko (D:1)
  A ball python (D:1)
  5 goblins
  3 hobgoblins
  A jackal (D:1)
  A kobold (D:2)
  2 bats (D:2)
  A frilled lizard (D:1)
  5 rats
24 creatures vanquished.

Vanquished Creatures (collateral kills)
  A crimson imp (D:3)
  3 adders (D:2)
  An ooze (D:2)
  A worm (D:2)
  A dart slug (D:1)
  2 ball pythons (D:2)
  A giant cockroach (D:2)
  6 goblins
  A hobgoblin (D:2)
  2 jackals (D:1)
  4 kobolds
  A bat (D:2)
24 creatures vanquished.

Grand Total: 48 creatures vanquished

Notes
Turn   | Place    | Note
-------+----------+-------------------------------------------
     0 | D:1      | Jynx the Mummy Summoner began the quest for the Orb.
     0 | D:1      | Reached XP level 1. HP: 13/13 MP: 4/4
   432 | D:1      | You fall through a shaft!
   514 | D:2      | Reached XP level 2. HP: 12/19 MP: 3/6
   775 | D:1      | Learned a level 2 spell: Call Imp
  1974 | D:2      | Reached XP level 3. HP: 22/24 MP: 1/7
  3656 | D:3      | Reached XP level 4. HP: 20/30 MP: 3/9
  3754 | D:3      | Found a runed door.
  3867 | D:3      | Slain by a water moccasin skeleton

Skill      XL: |  1  2  3  4 |
---------------+-------------+-----
Spellcasting   | 3 4 |  4.0
Summonings     | 4 |  4.4
Dodging        | |  1.5
Stealth        | |  1.5

Action                   |  1- 3 |  4- 6 || total
-------------------------+-------+-------++-------
Melee: Unarmed           |    32 |       ||    32
       Dagger            |    89 |    11 ||   100
 Cast: Summon Small Mamm |    79 |     8 ||    87
       Call Imp          |     5 |       ||     5
  Use: Scroll            |     4 |       ||     4
 Stab: Sleeping          |     5 |     3 ||     8
Armor: Robe              |    29 |     6 ||    35
Dodge: Dodged            |   113 |    23 ||   136
